 Dungeon Sprint DCSS version 0.31-a0-662-g684573625c (webtiles) character file.

Game seed: 2911897563154903114

26077 sircluck the Brawler (level 12, -28/148 HPs)
             Began as a Troll Berserker on Sept 1, 2023.
             Was a Priest of Trog.
             Killed from afar by Lom Lobon (71 damage)
             ... with a great icy blast
             ... in the Dungeon (Sprint I: "Red Sonja").
             The game lasted 00:17:33 (3346 turns).

sircluck the Brawler (Troll Berserker)              Turns: 3346, Time: 00:17:33

Health: -28/148    AC:  8    Str: 32    XL:     12   Next: 95%
Magic:  0/11       EV: 14    Int:  3    God:    Trog [***...]
Gold:   2993       SH:  0    Dex:  9    Spells: 11/11 levels left

rFire   . .          .
                       - Unarmed
rCold   . . .        (no shield)
rNeg    + + +        o - +0 troll leather armour
rPois   +            (helmet restricted)
rElec   .            t - +2 cloak {Stlth+}
rCorr   .            (gloves unavailable)
SInv    .            (boots unavailable)
Will    .....        (no amulet)
Stlth   ++           A - ring "Feesaant" {Fly rN+++ Slay+3}
HPRegen 2.04/turn    (no ring)
MPRegen 0.12/turn

%: no teleportation
@: on berserk cooldown, flying
A: large, unfitting armour, claws 3, regeneration 1, shaggy fur 1, tough skin 1,
poison resistance
a: Renounce Religion, Berserk, Trog's Hand


You were in the Dungeon.
You worshipped Trog.
Trog was most pleased with you.
You visited 1 branch You collected 4309 gold pieces.
You spent 1316 gold pieces at shops.

Inventory:

Hand Weapons
 n - a +1 dagger of distortion
Missiles
 m - 5 curare-tipped darts
 r - 8 boomerangs
 u - 19 stones
Armour
 a - a +0 animal skin
 o - a +0 troll leather armour (worn)
 q - a +0 cloak
 t - a +2 cloak of stealth (worn)
 B - +0 shadow dragon scales
Jewellery
 g - a ring of see invisible
 A - the ring "Feesaant" (left claw) {Fly rN+++ Slay+3}
   (You bought it in a shop in the Dungeon)

   [ring of flight]

   Slay+3:    It affects your accuracy & damage with ranged weapons and melee
   (+3).
   rN+++:     It renders you almost immune to negative energy.
   Fly:       It grants you flight.
Wands
 h - a wand of iceblast (7)
 i - a wand of flame (61)
 v - a wand of mindburst (3)
 y - a wand of charming (16)
Scrolls
 k - a scroll of identify
 l - a scroll of fog
 s - a scroll of vulnerability
 w - 2 scrolls of enchant armour
 x - a scroll of revelation
 C - a scroll of immolation
Potions
 b - 4 potions of curing
 d - 2 potions of haste
 e - 2 potions of magic
 f - a potion of berserk rage
 j - a potion of degeneration
 p - a potion of enlightenment
 z - a potion of lignification


   Skills:
 + Level 17.2 Fighting
 + Level 17.0 Dodging
 + Level 19.9 Unarmed Combat


You had 11 spell levels left.
You didn't know any spells.
Your spell library was empty.

Dungeon Overview and Level Annotations

Branches:
Dungeon (1/1)

Altars:
Cheibriados
Dithmenos
Elyvilon
Fedhas
Gozag
Hepliaklqana
Kikubaaqudgha
Makhleb
Nemelex Xobeh
Okawaru
Qazlal
Ru
Sif Muna
Trog
Uskayaw
Vehumet
Wu Jian
Xom
Yredelemnul
Zin
The Shining One
Jiyva
Lugonu

Shops:
D [?=?:*(**=([(??[?![[[*

Annotations:
D Lom Lobon, Tiamat


Innate Abilities, Weirdness & Mutations

You are too large for most types of armour.
You have claws for hands.
Your natural rate of healing is unusually fast.
You are covered in fur. (AC +1)
You have tough skin. (AC +1)
Your system is resistant to poisons. (rPois)


Message History

Your two-headed ogre rages.
Found five items.
Lom Lobon gestures.
Lom Lobon blinks!
There is an open door here.
You swap places.
Your two-headed ogre hits Lom Lobon with a +0 giant club!!
Your two-headed ogre barely misses Lom Lobon.
Lom Lobon gestures.
A freezing vortex appears around Lom Lobon!
Your two-headed ogre hits Lom Lobon with a +0 giant club!!
Your two-headed ogre barely misses Lom Lobon.
Something hits your two-headed ogre!!
Your two-headed ogre dies!
Your two-headed ogre's corpse disappears in a puff of smoke!
Okay, then.
You barely miss Lom Lobon. You claw Lom Lobon!
Lom Lobon is lightly wounded.
Lom Lobon hits you!!
You feel your power leaking away.
You claw Lom Lobon!
Lom Lobon is moderately wounded.
You are engulfed in whirling frost.
You feel yourself speed up. Lom Lobon hits you but does no damage.
You claw Lom Lobon!
Lom Lobon is moderately wounded.
You are engulfed in whirling frost.
You barely miss Lom Lobon.
Lom Lobon is moderately wounded.
You are engulfed in whirling frost.
* * * LOW HITPOINT WARNING * * *
Lom Lobon hits you but does no damage.
You miss Lom Lobon. Your claw misses Lom Lobon.
Lom Lobon is moderately wounded.
You are engulfed in whirling frost.
Lom Lobon gestures at you.
Lom Lobon conjures a mighty blast of ice!
The great icy blast engulfs you!!!
You die...

###)#.##'##..........#,,*
..).#.#~~~##........##$,*
.####,#~~~~##..|.|.##.°,*
##,,,,#~~~~~########..$,*
,^,,####~~)~#§§~§§#○○.°,*
,,^,#..#')~~§§§§§§§...°,*
,,,,#...##~~#~§§§§#~~~.,*
,,,,#....######&#####~~~*
,,,,#....#§§§§§§@§§§#*~~*
,,,,#######§§§§§§≈§§§≈≈~*
,,,,',,#}|§§§§§§§§§§§#≈≈*
,,,,*,,'=)#§§§§§§§§§§~#~*
*******##*#############**


You could see Lom Lobon (vortex).

Vanquished Creatures
  A golden dragon (D)
  A shadow dragon (D)
  A fire giant (D)
  A lorocyproca (D)
  A deep elf annihilator (D)
  A mummy priest (D)
  A hydra (D)
  2 centaur warriors (D)
  3 demonic crawlers (D)
  Sonja (D)
  A deep troll (D)
  2 oklob plants (D)
  A shining eye (D)
  2 merfolk sirens (D)
  2 gargoyles (D)
  7 unseen horrors (D)
  2 kobold demonologists (D)
  A hellwing (D)
  4 hornets (D)
  A slime creature (D)
  Sigmund (D)
  A yak (D)
  13 hogs (D)
  2 redbacks (D)
  4 floating eyes (D)
  An ogre (D)
  7 necrophages (D)
  8 jellies (D)
  Ijyb (D)
74 creatures vanquished.

Vanquished Creatures (collateral kills)
  3 fire giants (D)
  A demonic crawler (D)
  A lindwurm (D)
  7 shining eyes (D)
  3 floating eyes (D)
15 creatures vanquished.

Vanquished Creatures (others)
  A deep elf master archer (D)
  A hornet (D)
  A ball lightning (D)
  2 ballistomycete spores (D)
5 creatures vanquished.

Grand Total: 94 creatures vanquished

Notes
Turn   | Place    | Note
-------+----------+-------------------------------------------
     0 | D        | sircluck the Troll Berserker began the quest for the Orb.
     0 | D        | Reached XP level 1. HP: 22/22 MP: 0/0
     1 | D        | Noticed Ijyb
    12 | D        | Killed Ijyb
    13 | D        | Reached skill level 4 in Unarmed Combat
    13 | D        | Reached XP level 2. HP: 30/32 MP: 1/1
    55 | D        | Noticed an ogre
    60 | D        | Killed an ogre
    61 | D        | Reached skill level 5 in Fighting
    61 | D        | Reached skill level 6 in Unarmed Combat
    61 | D        | Reached XP level 3. HP: 42/42 MP: 2/2
    61 | D        | Reached XP level 4. HP: 50/50 MP: 3/3
   203 | D        | Noticed Sigmund
   209 | D        | Killed Sigmund
   209 | D        | Reached ** piety under Trog
   210 | D        | Reached skill level 7 in Unarmed Combat
   210 | D        | Reached XP level 5. HP: 56/61 MP: 4/4
   210 | D        | Reached XP level 6. HP: 63/68 MP: 5/5
   222 | D        | Found an ornate altar of the Wu Jian Council.
   222 | D        | Found a shimmering blue altar of Sif Muna.
   224 | D        | Found a radiant altar of Vehumet.
   229 | D        | Reached skill level 8 in Unarmed Combat
   262 | D        | Found Ledghibe's Magic Scroll Emporium.
   262 | D        | Found an ancient bone altar of Kikubaaqudgha.
   262 | D        | Found a hazy altar of Hepliaklqana.
   262 | D        | Found a hide-covered altar of Uskayaw.
   262 | D        | Found a basalt altar of Yredelemnul.
   262 | D        | Found an opulent altar of Gozag.
   262 | D        | Found a snail-covered altar of Cheibriados.
   262 | D        | Found a sacrificial altar of Ru.
   262 | D        | Found a shadowy altar of Dithmenos.
   262 | D        | Noticed a yak
   263 | D        | Found a stormy altar of Qazlal.
   263 | D        | Found a blossoming altar of Fedhas.
   263 | D        | Found a bloodstained altar of Trog.
   263 | D        | Found an iron altar of Okawaru.
   263 | D        | Found a glowing golden altar of the Shining One.
   263 | D        | Found a glowing silver altar of Zin.
   263 | D        | Found a white marble altar of Elyvilon.
   268 | D        | Killed a yak
   269 | D        | Reached skill level 9 in Unarmed Combat
   269 | D        | Found a sparkling altar of Nemelex Xobeh.
   273 | D        | Bought 3 scrolls of identify for 84 gold pieces
   273 | D        | Bought a scroll of fog for 56 gold pieces
   285 | D        | Found a burning altar of Makhleb.
   285 | D        | Found a viscous altar of Jiyva.
   285 | D        | Found a shimmering altar of Xom.
   285 | D        | Found a corrupted altar of Lugonu.
   285 | D        | Noticed a slime creature
   290 | D        | Killed a slime creature
   291 | D        | Reached XP level 7. HP: 80/80 MP: 6/6
   335 | D        | Noticed a kobold demonologist
   335 | D        | Noticed a kobold demonologist
   338 | D        | Noticed a hellwing
   338 | D        | Reached *** piety under Trog
   341 | D        | Killed a kobold demonologist
   342 | D        | Reached skill level 10 in Unarmed Combat
   353 | D        | Killed a kobold demonologist
   353 | D        | Reached **** piety under Trog
   354 | D        | Reached skill level 11 in Unarmed Combat
   354 | D        | Reached XP level 8. HP: 21/92 MP: 7/7
   427 | D        | Noticed Sonja
   431 | D        | Killed Sonja
   432 | D        | Reached skill level 10 in Fighting
   432 | D        | Reached skill level 10 in Dodging
   508 | D        | Noticed a deep troll
   518 | D        | Killed a deep troll
   519 | D        | Reached skill level 12 in Unarmed Combat
   519 | D        | Reached XP level 9. HP: 67/102 MP: 8/8
   549 | D        | Found Jiudial's Armour Emporium.
   563 | D        | Bought a +0 cloak for 58 gold pieces
   595 | D        | Found Keikaini's Antique Armour Boutique.
   603 | D        | Bought a glowing cloak for 142 gold pieces
   647 | D        | Noticed a centaur warrior
   647 | D        | Noticed a centaur warrior
   652 | D        | Killed a centaur warrior
   653 | D        | Reached skill level 13 in Unarmed Combat
   659 | D        | Killed a centaur warrior
   691 | D        | Reached ***** piety under Trog
   702 | D        | Noticed an oklob plant
   708 | D        | Killed an oklob plant
   709 | D        | Reached XP level 10. HP: 85/115 MP: 9/9
   736 | D        | Reached skill level 14 in Unarmed Combat
   792 | D        | Received a gift from Trog
  1166 | D        | Received a gift from Trog
  1183 | D        | Identified the -1 pair of boots of True Grit {rN++ Dex+4
                  | SInv}
  1265 | D        | Found Vitasam's General Store.
  1265 | D        | Found Guqowkas's Antique Weapon Shop.
  1265 | D        | Found Hokesit's General Store.
  1267 | D        | Found Ymyloi's Jewellery Emporium.
  1267 | D        | Found Zodats's Antique Weapon Shop.
  1267 | D        | Found Otruater's Antique Armour Shoppe.
  1267 | D        | Found Dihesten's Antique Weapon Boutique.
  1267 | D        | Found Fetz's Magic Scroll Emporium.
  1267 | D        | Found Meekivuq's Magic Scroll Shop.
  1267 | D        | Found Vemun's Antique Armour Shoppe.
  1270 | D        | Bought a scroll of enchant armour for 75 gold pieces
  1271 | D        | Found Peda's Magic Scroll Boutique.
  1272 | D        | Found Demabea's Antique Armour Emporium.
  1272 | D        | Found Worcha's Distillery.
  1273 | D        | Found Haceocre's Armour Emporium.
  1276 | D        | Bought a scroll of revelation for 82 gold pieces
  1277 | D        | Bought a scroll of enchant armour for 90 gold pieces
  1277 | D        | Bought a scroll of revelation for 90 gold pieces
  1321 | D        | Noticed a shining eye
  1321 | D        | Noticed a shining eye
  1321 | D        | Noticed a shining eye
  1322 | D        | Paralysed by a floating eye for 3 turns
  1327 | D        | Killed a shining eye
  1327 | D        | Reached ****** piety under Trog
  1328 | D        | Reached skill level 15 in Unarmed Combat
  1328 | D        | Killed a shining eye
  1330 | D        | Killed a shining eye
  1330 | D        | Received a gift from Trog
  1331 | D        | Noticed a shining eye
  1331 | D        | Noticed a shining eye
  1331 | D        | Noticed a shining eye
  1332 | D        | Killed a shining eye
  1333 | D        | Killed a shining eye
  1334 | D        | Reached XP level 11. HP: 127/127 MP: 10/10
  1334 | D        | Noticed a shining eye
  1336 | D        | Killed a shining eye
  1338 | D        | Gained mutation: Your system is resistant to poisons.
                  | (rPois) [a shining eye]
  1339 | D        | Killed a shining eye
  1340 | D        | Reached skill level 16 in Unarmed Combat
  1340 | D        | Noticed a shining eye
  1344 | D        | Killed a shining eye
  1349 | D        | Found Hisixifu's Magic Scroll Shoppe.
  1349 | D        | Found Ipeo's Book Shop.
  1349 | D        | Found Gaciost's Jewellery Emporium.
  1349 | D        | Found Ruterutitz's General Store.
  1444 | D        | Noticed a demonic crawler
  1444 | D        | Noticed a demonic crawler
  1444 | D        | Noticed a demonic crawler
  1444 | D        | Noticed a demonic crawler
  1445 | D        | Killed a demonic crawler
  1445 | D        | Identified the +8 glaive of Day {flame, rC+ Dex+5} (Trog
                  | gifted it to you in the Dungeon)
  1445 | D        | Received a gift from Trog
  1449 | D        | Killed a demonic crawler
  1452 | D        | Killed a demonic crawler
  1457 | D        | Killed a demonic crawler
  1476 | D        | Noticed a lindwurm
  1486 | D        | Killed a lindwurm
  1487 | D        | Reached skill level 17 in Unarmed Combat
  1609 | D        | Received a gift from Trog
  1629 | D        | Received a gift from Trog
  1632 | D        | Reached skill level 15 in Fighting
  1648 | D        | Noticed a 12-headed hydra
  1648 | D        | Noticed a daeva
  1648 | D        | Noticed a lorocyproca
  1681 | D        | Reached skill level 15 in Dodging
  1691 | D        | Received a gift from Trog
  1807 | D        | Killed a 15-headed hydra
  1808 | D        | Reached XP level 12. HP: 143/143 MP: 11/11
  2022 | D        | Noticed a shadow dragon
  2022 | D        | Noticed a golden dragon
  2031 | D        | Killed a shadow dragon
  2032 | D        | Reached skill level 18 in Unarmed Combat
  2034 | D        | Killed a golden dragon
  2100 | D        | Found Umuodydgh's General Store.
  2111 | D        | Bought the ring "Feesaant" {Fly rN+++ Slay+3} for 639 gold
                  | pieces
  2164 | D        | Noticed a deep elf annihilator
  2176 | D        | Received a gift from Trog
  2237 | D        | Killed a deep elf annihilator
  2246 | D        | Noticed a mummy priest
  2252 | D        | Killed a mummy priest
  2253 | D        | Reached skill level 19 in Unarmed Combat
  2322 | D        | Received a gift from Trog
  2350 | D        | Killed a lorocyproca
  2897 | D        | Noticed a fire giant
  2905 | D        | Killed a fire giant
  2948 | D        | Noticed a fire giant
  2949 | D        | Noticed a fire giant
  2950 | D        | Noticed a fire giant
  2965 | D        | Killed a fire giant
  2968 | D        | Killed a fire giant
  2982 | D        | Killed a fire giant
  3067 | D        | Found the +4 dragonskin cloak
  3067 | D        | Noticed Tiamat
  3196 | D        | Received a gift from Trog
  3197 | D        | Noticed Lom Lobon
  3303 | D        | Noticed a deep elf master archer
  3310 | D        | Killed a deep elf master archer
  3346 | D        | Killed from afar by Lom Lobon

Illustrated notes

Levels and vault maps discovered:
D:        dungeon_sprint_1 [red_sonja_temple_1, red_sonja_temple_small_1]

Skill      XL: |  1  2  3  4  5  6  7  8  9 10 11 12 |
---------------+-------------------------------------+-----
Fighting       | 3 5 6 8 9 10 12 13 15 17 | 17.2
Dodging        | 3 4 6 8 9 10 11 13 15 17 | 17.0
Unarmed Combat | 4 6 7 9 11 12 13 15 17 19 | 19.9

Action                     |  1- 3 |  4- 6 |  7- 9 | 10-12 || total
---------------------------+-------+-------+-------+-------++-------
  Melee: Unarmed           |    12 |    17 |    43 |   156 ||   228
         Punch             |       |     1 |     1 |    15 ||    17
 Invoke: Berserk           |     2 |     1 |     2 |     7 ||    12
         Brothers in Arms  |       |       |       |    10 ||    10
         Trog's Hand       |       |       |       |     1 ||     1
  Evoke: Wand              |       |       |       |     1 ||     1
    Use: Scroll            |       |       |       |     9 ||     9
         Potion            |       |       |       |     1 ||     1
   Stab: Sleeping          |       |       |     2 |     1 ||     3
         Distracted        |       |       |       |     3 ||     3
 Armour: Animal skin       |     3 |     8 |    34 |       ||    45
         Troll leather arm |       |       |    24 |   234 ||   258
  Dodge: Dodged            |     3 |     6 |    41 |    54 ||   104

Table legend: (Time is in decaauts)
 A = Elapsed time spent in this place.
 B = Non-inter-level travel time spent in this place.
 C = Inter-level travel time spent in this place.
 D = Time resting spent in this place.
 E = Time spent auto-exploring this place.
 F = Levels seen in this place.
 G = Mean time per level.
                   A        B        C        D        E       F      G
               +--------+--------+--------+--------+--------+-----+--------+
         Total |   3387 |   3171 |    216 |   1499 |    228 |   1 | 3387.0 |
       Dungeon |   3387 |   3171 |    216 |   1499 |    228 |   1 | 3387.0 |
               +--------+--------+--------+--------+--------+-----+--------+

Top non-repeatable levels by time:
       D: 3387 daAuts
